[Event "GER-ch Youth-ODJM 2022 A"]
[Site "Willingen"]
[Date "2022.06.08"]
[Round "6.2"]
[White "Meiwes, Thore"]
[Black "Kardoeus, David"]
[Result "1-0"]
[ECO "A45"]
[WhiteElo "2079"]
[BlackElo "2142"]
[Annotator "TA"]
[PlyCount "121"]
[EventDate "2022.06.05"]
[EventType "swiss"]
[EventRounds "9"]
[EventCountry "GER"]
[SourceTitle "playchess.com"]
[Source "ChessBase"]
[SourceQuality "1"]
[TimeControl "40/4500+30:900+30"]

1. d4 Nf6 2. Bf4 d5 3. e3 c5 4. c3 Nc6 5. Nd2 e6 6. Ngf3 cxd4 {[%emt 0:00:00] Nowadays more popular than 6...Bd6.} 7. exd4 {[%emt 0:00:00] D02: 1 d4 d5 2 Nf3 sidelines, including 2...Nf6 3 g3 and 2...Nf6 3 Bf4.} Nh5 8. Be3 Bd6 9. Ne5 {[%emt 0:00:00] The position is equal.} g6 10. Nd3 O-O 11. g3 f6 12. Bg2 Ng7 13. O-O Nf5 14. Bf4 {[%emt 0:00:00] [#]} b6 $146 ({Predecessor:} 14... Be7 15. Nb3 Qe8 16. Re1 Qf7 17. a4 a5 18. h3 b6 19. Bf1 Bd7 20. g4 Nd6 {0-1 (62) Tristan,L (2535)-Darini,P (2432) Chess.com INT 2020}) 15. Re1 Bxf4 16. Nxf4 Qd6 17. Rc1 Bd7 18. Nb3 Rac8 19. c4 dxc4 $1 20. d5 (20. Rxc4 $11 Nce7 21. Nd2) 20... Nce7 (20... Nb4 $1 $15 21. dxe6 Qxd1 22. Rcxd1 Ba4) 21. Nd2 $1 $11 (21. dxe6 Qxd1 22. Rcxd1 Ba4 $17) 21... e5 (21... exd5 $11 {keeps the balance.} 22. Nxd5 (22. Nxc4 Rxc4 23. Rxc4 dxc4 $11) 22... Nxd5 23. Nxc4 Qc5) 22. Ne4 $16 {[%emt 0:07:46][%mdl 1024] White has strong compensation.} Qb8 23. d6 Nc6 24. Nd5 $36 {[%emt 0:00:39][%mdl 2048] Black is under strong pressure.} Kg7 25. Ne7 $2 {[%emt 0:07:20] White is more active.} (25. Rxc4 $16 {Threatens to win with Ndxf6.} Ncd4 26. Rc7 Rxc7 27. dxc7) 25... Ncd4 26. Nxc8 Rxc8 27. f4 b5 ({Better is} 27... h5 $1 $14) 28. Nxf6 (28. g4 $1 $16 Nh4 {[#]} 29. Nxf6 $1 Nxg2 30. Rxe5 $1 (30. Nxd7 Qa8 $11) (30. Kxg2 Bc6+ 31. Kf1 Qxd6 $16) 30... Qxd6 31. Ne4) 28... Kxf6 {[%emt 0:04:49] Black cannot hold the game after this.} (28... exf4 $1 $14 29. Nxd7 Qxd6) 29. fxe5+ $18 (29. Qg4 $2 e4 30. Bxe4 Qxd6 31. Bxf5 Bxf5 32. Qh4+ Kg7 33. Qe7+ (33. Re7+ $2 Kf8 $19) 33... Qxe7 34. Rxe7+ Kf6 $19) 29... Ke6 {[%emt 0:06:17] Strongly threatening ...Qb6.} 30. g4 {[%emt 0:00:28] Really sharp!} Qb6 31. gxf5+ gxf5 $2 (31... Nxf5+ 32. Kh1 Bc6) 32. Kf1 Rg8 33. Rc3 {[%emt 0:03:20] aiming for Rg3.} ({Not} 33. Qh5 Bc6 34. Bh3 (34. Qxh7 {gets mated.} Bxg2+ 35. Kf2 Nc2+ 36. Ke2 Qe3+ 37. Kd1 Qd3#) 34... Qc5 $18) 33... Rg4 (33... b4 $142) 34. Qd2 Bc6 35. Rg3 ({Less strong is} 35. Qh6+ Rg6 36. Qxh7 Bxg2+ 37. Kf2 Rg4 38. Qe7+ Kd5 $14) 35... Rxg3 36. hxg3 {[%emt 0:00:10] Qh6+ would kill now.} Bxg2+ 37. Qxg2 {[%emt 0:00:24][%mdl 4096] Endgame KQR-KQN} Nc6 38. Qe2 (38. Qd2 $142 {And now Qh6+ would win.} f4 39. Qxf4) 38... Qb7 39. Qf3 (39. Qh5 $142) 39... Qb6 40. Qe3 (40. Qf4 $142 {Hoping for Qh6+.} Qd4 41. Qh6+ Kd5 42. e6) 40... Qxe3 41. Rxe3 {[%emt 0:15:06] KR-KN} b4 42. Ke2 a5 43. Kf2 Nd4 44. Re1 {[%emt 0:00:00] Black must now prevent Rh1.} a4 (44... Nc6 $142 45. Kf3 a4) 45. Rc1 Nc6 46. Rxc4 Nxe5 47. Rd4 Kd7 48. Ke3 Nc6 49. Rd1 Ne5 50. Kf4 Nc4 51. b3 axb3 52. axb3 {[%emt 0:00:00] White mates.} Na5 53. Rd3 Nb7 54. Kxf5 Nc5 55. Rd4 Nxb3 56. Rxb4 Nc5 57. Rd4 Ne6 58. Rd1 Ng7+ 59. Kg5 Ke8 60. d7+ Kd8 61. Rd6 {[%emt 0:00:00] Weighted Error Value: White=0.66/Black=0.40} 1-0

[Event "GER-ch Youth-ODJM 2022 A"]
[Site "Willingen"]
[Date "2022.06.08"]
[Round "6.4"]
[White "Schöne, Finn"]
[Black "Menne, Lukas"]
[Result "1-0"]
[ECO "D00"]
[WhiteElo "1110"]
[BlackElo "1150"]
[Annotator "NA RC COMBH"]
[PlyCount "131"]
[EventDate "2022.06.05"]
[EventType "swiss"]
[EventRounds "9"]
[EventCountry "GER"]
[SourceTitle "playchess.com"]
[Source "ChessBase"]
[SourceQuality "1"]
[TimeControl "40/4500+30:900+30"]

1. d4 d5 2. Bf4 Nf6 3. e3 Bf5 4. Nc3 c6 5. f3 e6 6. g4 Bg6 7. h4 h5 8. g5 Nfd7 9. Bd3 Bxd3 10. Qxd3 g6 11. e4 Qb6 12. Rb1 Bg7 13. Nge2 O-O 14. Bd6 Re8 15. e5 c5 16. f4 c4 17. Qe3 Nc6 18. a3 Ne7 19. Ng3 Nc8 20. Bb4 a5 21. Bc5 Qc6 22. O-O b6 23. Bd6 Nxd6 24. exd6 Qxd6 25. Nb5 Qc6 26. a4 Nb8 27. Rfe1 Na6 28. c3 Nc7 29. Nxc7 Qxc7 30. Kg2 Qc6 31. Ra1 b5 32. axb5 Qxb5 33. Qe2 Kf8 34. Nf1 a4 35. Ne3 Rab8 36. Kf3 Qxb2 37. Qxb2 Rxb2 38. Rxa4 Kg8 39. Nxd5 Rd8 40. Ne3 Bxd4 41. cxd4 Rxd4 42. Rxc4 Rxc4 43. Nxc4 Rh2 44. Ne3 Ra2 45. Nc4 Ra6 46. Rd1 Rc6 47. Ne5 Rc7 48. Rd7 Rxd7 49. Nxd7 Kg7 50. Ke4 Kg8 51. Kd4 Kh7 52. Ke5 Kg7 53. Kd6 f5 54. Kxe6 Kg8 55. Kf6 Kh7 56. Nf8+ Kg8 57. Kxg6 Kh8 58. Kxf5 Kg7 59. Ne6+ Kf7 60. g6+ Kg8 61. Kg5 Kh8 62. f5 Kg8 63. f6 Kh8 64. Kh6 Kg8 65. f7+ Kh8 66. g7# 1-0

[Event "GER-ch Youth-ODJM 2022 A"]
[Site "Willingen"]
[Date "2022.06.08"]
[Round "6.5"]
[White "Schmitt, Daniel"]
[Black "Nied, Pascal"]
[Result "1/2-1/2"]
[ECO "A48"]
[WhiteElo "2128"]
[BlackElo "2030"]
[Annotator "TA"]
[PlyCount "42"]
[EventDate "2022.06.05"]
[EventType "swiss"]
[EventRounds "9"]
[EventCountry "GER"]
[SourceTitle "playchess.com"]
[Source "ChessBase"]
[SourceQuality "1"]
[TimeControl "40/4500+30:900+30"]

1. d4 Nf6 2. Nf3 g6 3. Bg5 Bg7 4. Nbd2 c5 5. dxc5 Qa5 6. c3 Qxc5 7. Bxf6 Bxf6 8. Ne4 Qb6 9. Nxf6+ Qxf6 10. Qd4 Qxd4 {[%emt 0:00:00] A48: 1 d4 Nf6 2 Nf3 g6: Torre, London and Colle Systems.} 11. Nxd4 Nc6 12. e3 Nxd4 13. cxd4 b6 14. Rc1 Bb7 15. f3 e6 16. Bb5 a6 17. Bd3 Ke7 18. Kd2 {[%emt 0:00:21] [#]} Rhc8 $146 ({Predecessor:} 18... Rac8 19. a3 d6 20. Rxc8 Rxc8 21. Rc1 Rxc1 22. Kxc1 Kf6 23. Kd2 {½-½ (23) Jones,I (2285)-Gillen,A Debrecen 1992}) 19. a3 d6 {[%emt 0:01:05] The position is equal.} 20. e4 Rxc1 21. Rxc1 {[%emt 0:00:07] [#] Hoping for Rc7+.} Rc8 {[%emt 0:00:47] Prevents Rc7+. An uneventful encounter.  Weighted Error Value: White=0.05 (flawless) /Black=0.03 (flawless)} 1/2-1/2

[Event "GER-ch Youth-ODJM 2022 A"]
[Site "Willingen"]
[Date "2022.06.08"]
[Round "6.6"]
[White "Löffelholz, Simon"]
[Black "Reger, Christoph"]
[Result "1/2-1/2"]
[ECO "B01"]
[WhiteElo "1044"]
[BlackElo "1056"]
[Annotator "NA RC COMBH"]
[PlyCount "78"]
[EventDate "2022.06.05"]
[EventType "swiss"]
[EventRounds "9"]
[EventCountry "GER"]
[SourceTitle "playchess.com"]
[Source "ChessBase"]
[SourceQuality "1"]
[TimeControl "40/4500+30:900+30"]

1. e4 d5 2. exd5 Qxd5 3. Nc3 Qa5 4. d4 c6 5. Bc4 Bf5 6. Qe2 e6 7. Bd2 Nd7 8. O-O-O Ngf6 9. Nf3 Qc7 10. h3 Bd6 11. g4 Bg6 12. Nh4 O-O-O 13. Nxg6 hxg6 14. Rdf1 Nb6 15. Bd3 Bf4 16. Be3 Rxd4 17. Kb1 Rdd8 18. Bc5 Rh7 19. Qf3 Bd6 20. Be3 Nfd5 21. Nxd5 cxd5 22. Bxb6 axb6 23. Rc1 Bf4 24. Rcd1 Rhh8 25. Bb5 Rhf8 26. Rd4 Be5 27. Rdd1 Qc5 28. Bd3 Qb4 29. c3 Bxc3 30. Qe2 Kb8 31. b3 Rc8 32. Rc1 Qa3 33. Rc2 Bf6 34. Rd2 Rc7 35. Rc2 Rxc2 36. Qxc2 Rc8 37. Qd2 Rc3 38. g5 Rxd3 39. Qc2 Bc3 1/2-1/2

[Event "GER-ch Youth-ODJM 2022 A"]
[Site "Willingen"]
[Date "2022.06.08"]
[Round "6.7"]
[White "Fröhlich, Niklas"]
[Black "Rabus, Johann"]
[Result "1-0"]
[ECO "B10"]
[WhiteElo "1242"]
[BlackElo "1079"]
[Annotator "NA RC COMBH"]
[PlyCount "64"]
[EventDate "2022.06.05"]
[EventType "swiss"]
[EventRounds "9"]
[EventCountry "GER"]
[SourceTitle "playchess.com"]
[Source "ChessBase"]
[SourceQuality "1"]
[TimeControl "40/4500+30:900+30"]

1. e4 c6 2. Nc3 d5 3. Nf3 Nf6 4. e5 Ne4 5. Ne2 Bg4 6. h3 Bh5 7. g4 Bg6 8. d3 Nc5 9. h4 h5 10. g5 e6 11. Nfd4 Nbd7 12. f4 Bf5 13. Nxf5 exf5 14. Nd4 g6 15. Qe2 Ne6 16. Be3 c5 17. Nxe6 fxe6 18. c4 d4 19. Bd2 Qc7 20. Bg2 Rb8 21. b3 Be7 22. Kf2 Kf7 23. Rab1 Ra8 24. Rb2 Rab8 25. Rhb1 b5 26. cxb5 Rxb5 27. Qf3 Rhb8 28. Qc6 Qxc6 29. Bxc6 R5b6 30. Bf3 a6 31. a4 Kg7 32. Ba5 Ra8 1-0

[Event "GER-ch Youth-ODJM 2022 A"]
[Site "Willingen"]
[Date "2022.06.08"]
[Round "6.8"]
[White "Zinnikus, Elias"]
[Black "Pac, Maksym"]
[Result "1/2-1/2"]
[ECO "D12"]
[WhiteElo "1282"]
[BlackElo "1033"]
[Annotator "NA RC COMBH"]
[PlyCount "73"]
[EventDate "2022.06.05"]
[EventType "swiss"]
[EventRounds "9"]
[EventCountry "GER"]
[SourceTitle "playchess.com"]
[Source "ChessBase"]
[SourceQuality "1"]
[TimeControl "40/4500+30:900+30"]

1. Nf3 d5 2. d4 Nf6 3. c4 c6 4. e3 Bf5 5. Nc3 e6 6. Be2 Ne4 7. Nxe4 Bxe4 8. O-O Nd7 9. Bd3 Nf6 10. Bxe4 Nxe4 11. Nd2 Nf6 12. Qb3 Rb8 13. Re1 Be7 14. Nf3 O-O 15. Bd2 c5 16. cxd5 Qxd5 17. Qxd5 Nxd5 18. Rac1 cxd4 19. Nxd4 Bf6 20. Bc3 Nxc3 21. Rxc3 Bxd4 22. exd4 Rfd8 23. Rec1 Rxd4 24. Rc8+ Rd8 25. Rxb8 Rxb8 26. f4 Rd8 27. Kf2 Rd2+ 28. Ke3 Rd8 29. Rc7 Rb8 30. Ke4 g6 31. g4 Kg7 32. h4 a6 33. a4 b5 34. a5 Rd8 35. Ra7 Rd6 36. Ke5 Rc6 37. g5 1/2-1/2

[Event "GER-ch Youth-ODJM 2022 A"]
[Site "Willingen"]
[Date "2022.06.08"]
[Round "6.9"]
[White "Köhler, Lukas"]
[Black "François, Yannick"]
[Result "1/2-1/2"]
[ECO "D35"]
[WhiteElo "2099"]
[BlackElo "1867"]
[Annotator "TA"]
[PlyCount "81"]
[EventDate "2022.06.05"]
[EventType "swiss"]
[EventRounds "9"]
[EventCountry "GER"]
[SourceTitle "playchess.com"]
[Source "ChessBase"]
[SourceQuality "1"]
[TimeControl "40/4500+30:900+30"]

1. d4 Nf6 2. c4 e6 3. Nc3 d5 4. cxd5 exd5 5. Bg5 Be7 6. e3 O-O 7. Bd3 c6 8. Nge2 Re8 9. O-O Nbd7 10. Qc2 h6 11. Bh4 Ne4 12. Bxe7 Qxe7 13. Bxe4 dxe4 14. d5 {[%emt 0:00:00] D36: Queen's Gambit Declined: Exchange Variation: Main line (5 Bg5 c6 6 Qc2).} Nf6 15. Rfd1 cxd5 16. Nxd5 {[%emt 0:01:00] White is slightly better.} Nxd5 17. Rxd5 b6 18. Qa4 Be6 19. Rd4 {[%emt 0:04:07] [#]} f5 $146 ({Predecessor:} 19... Rad8 20. Rc1 Rxd4 21. Nxd4 Rc8 22. Rxc8+ Bxc8 23. a3 Qd7 24. Qc4 Kh7 25. b4 a6 {½-½ (42) Reichert,T (2339)-Littke,H (2208) GER email 2015}) 20. h3 Red8 21. Rad1 Rxd4 22. Rxd4 Rd8 23. a3 Rxd4 24. Nxd4 $14 {[%emt 0:01:54][%mdl 4096] Endgame KQB-KQN} Qd7 25. Qb4 Kf7 26. Qc3 Bd5 (26... Qc8 $11 {keeps the balance.}) 27. a4 Ke7 (27... Be6 $14) 28. a5 $16 g6 29. axb6 axb6 30. Ne2 h5 (30... Qd6 $16) 31. Qe5+ Kf7 32. Qh8 (32. Nf4 $1 $18 {[%cal Rf4d5] has better winning chances.} Ba2 33. Qh8 Qd1+ 34. Kh2) 32... Qe8 (32... Ke7 $142) 33. Qh7+ Kf6 34. Qc7 Qc6 {[%emt 0:01:11][%mdl 8192] [#]} (34... b5 $16 {is tougher.}) 35. Qd8+ $2 (35. Nf4 $1) 35... Kg7 $18 {[%emt 0:00:07] [#]} 36. Nc3 (36. Nd4 $1 $16 Qb7 37. Nb5) 36... Bf7 37. Qd4+ Kg8 38. Qd8+ Kg7 $1 39. Qd4+ Kg8 40. Qe5 Qe6 41. Qb8+ {[%emt 0:00:00] Weighted Error Value: White=0.39/Black=0.33} 1/2-1/2

[Event "GER-ch Youth-ODJM 2022 A"]
[Site "Willingen"]
[Date "2022.06.08"]
[Round "6.10"]
[White "Reimer, Philip"]
[Black "Kracht, Raphael"]
[Result "1/2-1/2"]
[ECO "C54"]
[WhiteElo "1977"]
[BlackElo "2086"]
[Annotator "TA"]
[PlyCount "65"]
[EventDate "2022.06.05"]
[EventType "swiss"]
[EventRounds "9"]
[EventCountry "GER"]
[SourceTitle "playchess.com"]
[Source "ChessBase"]
[SourceQuality "1"]
[TimeControl "40/4500+30:900+30"]

1. e4 e5 2. Nf3 Nc6 3. Bc4 Bc5 4. c3 Nf6 5. d4 exd4 6. e5 d5 7. Bb5 Ne4 8. cxd4 Bb6 9. Nc3 O-O 10. Be3 {[%emt 0:00:00] C54: Giuoco Piano: 4 c3 Nf6, main lines with 5 d4 and 5 d3.} Bg4 11. h3 Bh5 12. Qc2 Ba5 {[%emt 0:00:00] Recently 12...Nxc3 got a lot of attention.} 13. O-O Bxc3 14. bxc3 {[%emt 0:00:00] [#]} Ne7 $146 (14... Na5 $14) ({Predecessor:} 14... Qd7 15. Be2 Na5 {½-½ (15) Ter Sahakyan,S (2645)-Aleksandrov,A (2563) Chess.com INT 2021}) 15. Bd3 $16 {[%emt 0:00:06] White is more active.} Bg6 16. Nh4 c5 17. Nxg6 hxg6 18. Bxe4 ({White should play} 18. dxc5 $18 Nf5 19. Bd4 (19. Bxe4 Nxe3 20. fxe3 dxe4 $16)) 18... dxe4 19. Qxe4 cxd4 20. cxd4 Qd5 21. Qxd5 Nxd5 22. Rab1 b6 23. Rfc1 Rfc8 24. Rxc8+ Rxc8 25. Rb5 (25. Rc1 $16 Rxc1+ 26. Bxc1) 25... Nxe3 (25... Nc3 $14 26. Rb2 Nd5) 26. fxe3 $14 {[%emt 0:00:12][%mdl 4096] Endgame KR-KR} Rc1+ {[%emt 0:04:17] [#]} 27. Kh2 (27. Kf2 $1 $16) 27... Rc3 $1 28. a4 ({Better is} 28. Rd5 $16) 28... Rxe3 $11 {[%emt 0:00:09] The position is equal.} 29. a5 Rd3 30. axb6 axb6 31. Rxb6 Rxd4 32. e6 Rd8 {[%emt 0:00:42] Inhibits Rb8.} 33. exf7+ {[%emt 0:01:28] White really could win this.  Weighted Error Value: White=0.24 (precise) /Black=0.20 (precise)} 1/2-1/2

[Event "GER-ch Youth-ODJM 2022 A"]
[Site "Willingen"]
[Date "2022.06.08"]
[Round "6.11"]
[White "Herter, Arne"]
[Black "Gerlach, Felix"]
[Result "1/2-1/2"]
[ECO "C96"]
[WhiteElo "1943"]
[BlackElo "2072"]
[Annotator "TA"]
[PlyCount "58"]
[EventDate "2022.06.05"]
[EventType "swiss"]
[EventRounds "9"]
[EventCountry "GER"]
[SourceTitle "playchess.com"]
[Source "ChessBase"]
[SourceQuality "1"]
[TimeControl "40/4500+30:900+30"]

1. e4 e5 2. Nf3 Nc6 3. Bb5 a6 4. Ba4 Nf6 5. O-O Be7 6. Re1 b5 7. Bb3 d6 8. c3 O-O 9. h3 Na5 10. Bc2 c5 11. d4 Nd7 12. Nbd2 exd4 13. cxd4 Nc6 {[%emt 0:00:00] C96: Closed Ruy Lopez: Chigorin Defence: 11 d4, replies other than 11...Qc7.} 14. Nf1 Bf6 (14... Nxd4 $11 15. Nxd4 cxd4) 15. Be3 (15. e5 $1 $14 dxe5 16. Be4) 15... Re8 {[%emt 0:12:53] The position is equal.} 16. Rc1 Bb7 17. Ng3 g6 {[%emt 0:12:18] Against Nf5} 18. Bb1 {[%emt 0:04:30] [#]} cxd4 $146 ({Predecessor:} 18... Rc8 19. b3 Qe7 20. Qd2 h5 21. d5 Nce5 22. Nh2 Nb6 23. Ne2 Ned7 24. f4 Nxd5 25. Bxc5 dxc5 26. exd5 {0-1 (35) Donate Moreno,S (1903)-Eden,J (2323) Sitges 2020}) 19. Nxd4 Nxd4 20. Bxd4 d5 21. exd5 $2 (21. Bxf6 $11 Nxf6 22. e5) 21... Rxe1+ $19 {[%emt 0:01:17][%mdl 64] [#] Deflection. Black is clearly winning.} 22. Qxe1 Bxd4 23. Qd2 Bg7 24. d6 Rc8 {[%emt 0:03:16][%cal Ba8c8,Bc8c5,Bc5c6][%mdl 32] Against Rc7} 25. Rd1 Nf6 26. f3 Rc5 27. Be4 Nxe4 28. fxe4 Be5 29. Ne2 Rc6 {[%emt 0:00:41][%mdl 32768] Weighted Error Value: White=0.80/Black=0.08 (flawless) . An unexpected result.} 1/2-1/2

[Event "GER-ch Youth-ODJM 2022 A"]
[Site "Willingen"]
[Date "2022.06.08"]
[Round "6.12"]
[White "Lohr, Maximilian"]
[Black "Weigand, Anton"]
[Result "1/2-1/2"]
[ECO "B40"]
[WhiteElo "2080"]
[BlackElo "1872"]
[Annotator "TA"]
[PlyCount "79"]
[EventDate "2022.06.05"]
[EventType "swiss"]
[EventRounds "9"]
[EventCountry "GER"]
[SourceTitle "playchess.com"]
[Source "ChessBase"]
[SourceQuality "1"]
[TimeControl "40/4500+30:900+30"]

1. e4 c5 2. Nf3 e6 3. c4 Nc6 4. d4 cxd4 5. Nxd4 Nf6 6. Nc3 Bb4 7. Nxc6 bxc6 8. Bd3 d5 9. cxd5 exd5 10. exd5 Nxd5 {[%emt 0:00:36] B44: Sicilian: Taimanov: 5 Nb5.} 11. O-O O-O 12. Nxd5 (12. Qh5 g6 13. Qf3 (13. Qe5 Nxc3 14. bxc3 Re8 $15) 13... Nxc3 14. bxc3 Bxc3 $15) 12... Qxd5 {[%emt 0:03:28] White has an edge.} 13. Qc2 h6 {[%emt 0:10:43] [#]} 14. Bf4 $146 ({Predecessor:} 14. Bh7+ Kh8 15. Be4 Qc5 16. Qxc5 Bxc5 17. Bxc6 Rb8 18. Rd1 Bg4 19. Bf3 Bxf3 20. gxf3 {1-0 (45) Jobava,B (2603)-Kotepalli,S (1914) Chess.com INT 2021}) 14... Qc5 15. Qxc5 {[%emt 0:05:01] White is more active.} (15. Qe2 $5 Rd8 16. Qe4 $14) 15... Bxc5 16. Rac1 Bd4 17. Rxc6 (17. b3 $1 $14) 17... Be6 {[%emt 0:00:57] [#]} (17... Bxb2 $11 18. Rc2 Bd4) 18. b3 $1 $16 Rfd8 19. Bc4 Bxc4 20. Rxc4 Rac8 21. Rfc1 Rxc4 22. Rxc4 {[%emt 0:00:06][%mdl 4096] Endgame KRB-KRB} (22. bxc4 g5 23. Be3 Bxe3 24. fxe3 Kf8 $14) 22... Bb6 23. g4 Rd1+ 24. Kg2 Re1 25. Bc7 Re2 (25... Re6 $16 26. Bxb6 axb6 27. Rc8+ Kh7) 26. Bxb6 $18 axb6 {[%emt 0:01:11] [#] KR-KR} 27. a4 $1 Re6 28. b4 Re1 29. Kf3 ({But not} 29. a5 bxa5 30. bxa5 Ra1) 29... Kf8 30. Re4 Ra1 31. b5 f6 32. h4 {[%emt 0:01:27][%cal Bh2h4,Bh4h5][%mdl 32] And now Rc4 would win.} Kf7 (32... Ra3+ $142 33. Ke2 g5) 33. h5 Ra3+ 34. Ke2 f5 $2 (34... g6 35. Rc4 gxh5) 35. Rf4 (35. gxf5 $142 Kf6 36. Rg4) 35... Ke6 $2 (35... g6 36. hxg6+ (36. gxf5 Ra2+ 37. Kf3 gxh5 $16) 36... Kxg6 37. gxf5+ (37. Rxf5 Ra2+ 38. Kf3 Ra3+ 39. Ke2 Ra2+ 40. Kd3 Ra3+ 41. Kd2 Ra2+ 42. Ke3 Ra3+ 43. Kf4 Rxa4+ 44. Kg3 Rd4 $16) 37... Kf6) 36. gxf5+ Ke5 37. Rg4 Kxf5 38. Rxg7 Rxa4 39. Rg6 Rb4 40. Rxh6 $2 {[%emt 0:05:38] Weighted Error Value: White=0.21 (precise) /Black=0.41} ({White must play} 40. Rxb6 $18 Rb2+ 41. Ke3) 1/2-1/2

[Event "GER-ch Youth-ODJM 2022 A"]
[Site "Willingen"]
[Date "2022.06.08"]
[Round "6.13"]
[White "Jenner, Meikel"]
[Black "Dornieden, Jonas"]
[Result "1/2-1/2"]
[ECO "B20"]
[WhiteElo "1981"]
[BlackElo "2069"]
[Annotator "TA"]
[PlyCount "67"]
[EventDate "2022.06.05"]
[EventType "swiss"]
[EventRounds "9"]
[EventCountry "GER"]
[SourceTitle "playchess.com"]
[Source "ChessBase"]
[SourceQuality "1"]
[TimeControl "40/4500+30:900+30"]

1. e4 c5 2. c4 Nc6 3. Nc3 e6 4. g3 d6 5. Nge2 Ne5 {[%emt 0:00:42][%cal Re5f3] [#]} 6. Bg2 {[%emt 0:00:00] [#] Prevents Nf3+. A34: Symmetrical English: 2 Nc3, lines with ...d5.} Nd3+ $146 ({Predecessor:} 6... Nxc4 7. Qa4+ Bd7 8. Qxc4 Rb8 9. d4 cxd4 10. Qxd4 a6 11. O-O e5 12. Qd3 Nf6 13. h3 Qc8 14. Kh2 g5 15. Bxg5 Be7 16. Bxf6 Bxf6 {1-0 (16) Dos Anjos,D (1601)-Machado,A (1335) Itajai 2016}) 7. Kf1 Nf6 {[%emt 0:02:20] Threatens to win with ...Ng4.} ({Much worse is} 7... Qf6 8. f3 $11) 8. h3 {[%emt 0:00:00] Inhibits Ng4. Black is slightly better.} Be7 9. a3 Bd7 10. Qc2 Nxc1 11. Rxc1 Rb8 12. Kg1 a6 13. Kh2 b5 14. cxb5 axb5 15. b4 cxb4 16. axb4 d5 17. e5 Ng8 18. Qb2 h5 (18... Nh6 $11) 19. d4 Nh6 20. Nd1 (20. Nf4) (20. Nf4 $142) 20... Nf5 (20... Ra8 $142) 21. Rc3 Rc8 22. Ne3 Nxe3 23. Rxe3 (23. fxe3 $11 Rc4 24. Rxc4 bxc4 25. Ra1) 23... Rc4 $17 24. Rb3 Qc7 25. Rc1 {[%emt 0:01:14] Inhibits Rc2.} O-O 26. Bf1 Qb6 (26... h4 $17 {aiming for ...f6.} 27. Rcc3 hxg3+ 28. fxg3 Rc8) 27. Rd1 $11 Rfc8 28. Rd2 {[%emt 0:01:11] Inhibits Rc2.} Qc7 (28... Bg5 {is interesting.} 29. Nf4 Rc1 30. Bd3 h4) 29. Nf4 Rc2 30. Rxc2 Qxc2 31. Bd3 Qxb2 32. Rxb2 h4 33. Ne2 Be8 34. Rb3 {[%emt 0:01:38] Weighted Error Value: White=0.21 (precise) /Black=0.23 (precise)} 1/2-1/2

[Event "GER-ch Youth-ODJM 2022 A"]
[Site "Willingen"]
[Date "2022.06.08"]
[Round "6.14"]
[White "Savchenko, Daniel"]
[Black "Kruse, Victor"]
[Result "1-0"]
[ECO "B13"]
[WhiteElo "2134"]
[BlackElo "1733"]
[Annotator "TA"]
[PlyCount "89"]
[EventDate "2022.06.05"]
[EventType "swiss"]
[EventRounds "9"]
[EventCountry "GER"]
[SourceTitle "playchess.com"]
[Source "ChessBase"]
[SourceQuality "1"]
[TimeControl "40/4500+30:900+30"]

1. e4 c6 2. d4 d5 3. exd5 cxd5 4. Bd3 Nf6 5. h3 Nc6 6. Nf3 {[%emt 0:00:00] B13: Caro-Kann: Exchange Variation and Panov-Botvinnik Attack.} g6 7. c3 Bf5 8. Be2 $1 {[%emt 0:00:00][%mdl 4] The position is equal. is more profitable than 8.0-0 at the moment.} Qc7 9. O-O Bg7 10. Re1 O-O 11. Be3 a6 12. Nbd2 b5 {[%emt 0:02:46] [#]} 13. Nh4 $146 ({Predecessor:} 13. Nb3 Ne4 14. Nfd2 Rfd8 15. Bf1 Na5 16. Nxa5 Qxa5 17. Nb3 Qb6 18. f3 Nd6 19. Bf2 {½-½ (56) Goryachkina,A (2535)-Girya,O (2462) Satka 2018}) 13... Ne4 14. Bd3 $2 {[%emt 0:04:32] [#]} (14. Nxe4 $14 {keeps the upper hand.} dxe4 15. Nxf5 gxf5 16. a4) 14... Nxc3 $1 $17 15. bxc3 Bxd3 16. Qf3 Bc4 17. Bf4 Qd7 (17... e5 {looks sharper.} 18. dxe5 Nxe5 19. Qg3 Rae8) 18. Nxc4 bxc4 19. Qe3 Rfe8 20. Nf3 {[%emt 0:00:54] Inhibits e5.} Ra7 21. Re2 Rb7 22. Rae1 a5 23. Qc1 e6 24. Bh6 Reb8 25. Qf4 Rb2 26. Qh4 (26. Rxb2 $17 {might work better.} Rxb2 27. h4) 26... Rxe2 $19 27. Rxe2 f6 28. Bxg7 Kxg7 29. Qg4 {[%emt 0:00:40] [#]} (29. Qf4 $142) 29... Nd8 $1 30. h4 h5 31. Qf4 Rb1+ 32. Kh2 (32. Re1 $142 Rb2 33. Nh2) 32... Nf7 33. g3 Rb6 (33... Nd6 $19 {...a4 is the strong threat.} 34. Qe3 Nf5) 34. Kg2 (34. Qc1 $17 {was worth a try.}) 34... Qd6 {Hoping for ...Qxf4.} 35. Qxd6 (35. Qd2 $142) 35... Rxd6 $2 {[%emt 0:00:42][%mdl 4096] Endgame KRN-KRN} (35... Nxd6 $19 36. Rxe6 a4 37. Re7+ Kf8) 36. Rb2 $17 g5 37. hxg5 (37. a4 $15) 37... fxg5 38. Ne5 (38. g4 $17 {was called for.}) 38... Nxe5 $19 39. dxe5 {[%emt 0:00:06] KR-KR} Ra6 (39... Rd8 $19 {Strongly threatening ...Kg6.} 40. Rb6 Kf7) 40. f4 a4 41. a3 (41. Kf3 $17 {keeps fighting.}) 41... Kg6 {Threatens to win with ...gxf4.} 42. Kf3 Kf5 (42... Rc6 $17 {And now ...Rc8 would win.} 43. Ke3 Rc8 44. fxg5 Rf8) 43. Rb8 $1 $11 {[%emt 0:01:06] Rg8 would kill now.} gxf4 44. gxf4 {[%emt 0:00:00] White wants to mate with Rg8.} Rc6 $2 (44... Kg6 $11) 45. Rg8 {Weighted Error Value: White=0.28 (precise) /Black=0.39} 1-0